 Dungeon Sprint DCSS version 0.27.1-4-g1640c2035a (webtiles) character file.

Game seed: 15568433785208664421

942 boopmooplesden the Blocker (level 7, 0/72 HPs)
             Began as a Minotaur Fighter on Nov 9, 2021.
             Was a Believer of Okawaru.
             Slain by a death knight (10 damage)
             ... in the Dungeon (Sprint VII: "The Pits").
             The game lasted 00:02:16 (870 turns).

boopmooplesden the Blocker (Minotaur Fighter)        Turns: 870, Time: 00:02:16

Health: 0/72       AC: 17    Str: 21    XL:     7   Next: 88%
Magic:  6/6        EV:  7    Int:  5    God:    Okawaru [**....]
Gold:   0          SH: 12    Dex: 11    Spells: 6/6 levels left

rFire    . . .     SeeInvis .   s - +2 scimitar (flame)
rCold    . . .     Faith    .   c - +0 kite shield
rNeg     . . .     Spirit   .   t - +3 plate armour
rPois    .         Reflect  .   (helmet restricted)
rElec    .         Harm     .   (no cloak)
rCorr    .         Rampage  .   (no gloves)
Will     .....     NoTele   +   (no boots)
Stlth    ..........             (no amulet)
HPRegen  0.22/turn              (no ring)
MPRegen  0.10/turn              (no ring)

@: no status effects
A: horns 2, retaliatory headbutt
a: Renounce Religion, Heroism


You were in the Dungeon.
You worshipped Okawaru.
Okawaru was pleased with you.
You visited 1 branch

Inventory:

Hand Weapons
 a - a +0 long sword
 n - a +1 long sword of flaming
 r - a +2 rapier of speed
 s - a +2 scimitar of flaming (weapon)
Armour
 b - a +0 scale mail
 c - a +0 kite shield (worn)
 o - a +3 chain mail
 t - a +3 plate armour (worn)
Jewellery
 p - a +3 ring of dexterity
 q - a +3 ring of protection
Scrolls
 j - a scroll of blinking
 l - 5 scrolls of amnesia
 m - a scroll of summoning
Potions
 d - 4 potions of might
 e - 6 potions of curing
 f - 10 potions of heal wounds
 g - a potion of haste
 h - 4 potions of magic
 i - 7 potions of berserk rage
 k - 2 potions of invisibility


   Skills:
 + Level 10.0 Fighting
 + Level 9.6 Long Blades
 + Level 10.7 Armour
 + Level 5.1 Dodging
 + Level 11.2 Shields
 + Level 0.3 Invocations


You had 6 spell levels left.
You didn't know any spells.
Your spell library was empty.

Dungeon Overview and Level Annotations

Branches:
Dungeon (1/1)

Altars:
Ashenzari
Cheibriados
Dithmenos
Elyvilon
Fedhas
Gozag
Hepliaklqana
Kikubaaqudgha
Makhleb
Nemelex Xobeh
Okawaru
Qazlal
Ru
Sif Muna
Trog
Uskayaw
Vehumet
Wu Jian
Xom
Yredelemnul
Zin
The Shining One
Beogh
Jiyva
Lugonu


Innate Abilities, Weirdness & Mutations

You have a pair of horns on your head.
You reflexively headbutt those who attack you in melee.


Message History

Your shield and plate armour prevent you from hitting the wolf.
You block the wolf's attack.
The death knight offers itself to Yredelemnul, and fills with unholy energy.
You block the wolf's attack.
You slice the wolf!! You burn the wolf!
You kill the wolf!
Okawaru accepts your kill. You block the death knight's attack.
Your Fighting skill increases to level 10!
The death knight hits you but does no damage.
There is a huge open gate to the Metal Vault (Medium) here.
Your plate armour prevents you from hitting the death knight.
The death knight completely misses you.
You barely miss the death knight. You headbutt the death knight.
The death knight is lightly wounded.
The death knight reflects your damage back at you!
The death knight hits you with a +1 halberd.
You hit the death knight. You burn the death knight.
The death knight is lightly wounded.
The death knight reflects your damage back at you!
The death knight hits you with a +1 halberd!
You barely miss the death knight. You headbutt the death knight!
The death knight is moderately wounded.
The death knight reflects your damage back at you!
The death knight mumbles some strange prayers to Yredelemnul against you.
Your body is wracked with pain!
You hit the death knight but do no damage.
The death knight is moderately wounded.
The death knight's dark mirror aura disappears.
The death knight calls down the wrath of Yredelemnul upon you.
Your body is wracked with pain!
* * * LOW HITPOINT WARNING * * *
Your shield and plate armour prevent you from hitting the death knight.
The death knight is moderately wounded.
The death knight hits you with a +1 halberd.
* * * LOW HITPOINT WARNING * * *
You hit the death knight. You burn the death knight.
The death knight is moderately wounded.
The death knight hits you with a +1 halberd!
You die...

__...###########++######
####'##................#
)))'.##......#..#......#
####.##................+
......'................+
#'#####......#..#......#
..#.[##................#
..#))#####'#####''#####
###).##.......##@'#
..#))##.......##p.....#
..#..##.......##....###
..#'###...<...##...##
.....##.......##..##
.....##.......##..#
#######.......##..#
..#..###########..+
..#.###########


You could see a death knight.

Vanquished Creatures
  A dream sheep (D)
  A redback (D)
  A warg (D)
  A necrophage (D)
  A black bear (D)
  A wolf (D)
  3 wights (D)
  A gnoll shaman (D)
  A mummy (D)
  5 gnolls (D)
  A river rat (D)
  An adder (D)
  A white imp (D)
  An ufetubus (D)
  An adder skeleton (D)
  An orc (D)
  A ball python (D)
  A giant cockroach (D)
  A hobgoblin (D)
  A kobold (D)
  A ball python zombie (D)
  2 frilled lizards (D)
  A rat (D)
30 creatures vanquished.

Notes
Turn   | Place    | Note
-------+----------+-------------------------------------------
     0 | D        | boopmooplesden the Minotaur Fighter began the quest for the
                  | Orb.
     0 | D        | Reached XP level 1. HP: 19/19 MP: 0/0
    15 | D        | Reached skill level 4 in Shields
    41 | D        | Found a glowing golden altar of the Shining One.
    41 | D        | Found a glowing silver altar of Zin.
    41 | D        | Found a basalt altar of Yredelemnul.
    41 | D        | Found a shimmering altar of Xom.
    41 | D        | Found an ornate altar of the Wu Jian Council.
    41 | D        | Found a bloodstained altar of Trog.
    41 | D        | Found a shimmering blue altar of Sif Muna.
    41 | D        | Found a sacrificial altar of Ru.
    41 | D        | Found a stormy altar of Qazlal.
    41 | D        | Found an iron altar of Okawaru.
    41 | D        | Found a sparkling altar of Nemelex Xobeh.
    41 | D        | Found a burning altar of Makhleb.
    41 | D        | Found a viscous altar of Jiyva.
    41 | D        | Found a hazy altar of Hepliaklqana.
    41 | D        | Found an opulent altar of Gozag.
    41 | D        | Found a blossoming altar of Fedhas.
    41 | D        | Found a white marble altar of Elyvilon.
    41 | D        | Found a shadowy altar of Dithmenos.
    41 | D        | Found a snail-covered altar of Cheibriados.
    42 | D        | Found a radiant altar of Vehumet.
    42 | D        | Found a corrupted altar of Lugonu.
    43 | D        | Found an ancient bone altar of Kikubaaqudgha.
    43 | D        | Found a hide-covered altar of Uskayaw.
    43 | D        | Found a broken altar of Ashenzari.
    49 | D        | Became a worshipper of Warmaster Okawaru
    73 | D        | Reached XP level 2. HP: 22/27 MP: 1/1
    90 | D        | Reached skill level 5 in Armour
    90 | D        | Reached skill level 5 in Shields
   212 | D        | Noticed a necrophage
   213 | D        | Noticed a warg
   213 | D        | Noticed a black bear
   225 | D        | Killed a necrophage
   225 | D        | Reached * piety under Okawaru
   226 | D        | Reached skill level 7 in Shields
   226 | D        | Reached XP level 3. HP: 38/38 MP: 2/2
   226 | D        | Reached XP level 4. HP: 45/45 MP: 3/3
   233 | D        | Killed a warg
   234 | D        | Reached skill level 5 in Long Blades
   234 | D        | Reached skill level 8 in Shields
   234 | D        | Reached XP level 5. HP: 39/53 MP: 4/4
   238 | D        | Killed a black bear
   239 | D        | Reached skill level 9 in Shields
   239 | D        | Reached XP level 6. HP: 38/61 MP: 5/5
   351 | D        | Noticed a dream sheep
   354 | D        | Killed a dream sheep
   355 | D        | Reached skill level 10 in Shields
   366 | D        | Reached XP level 7. HP: 68/70 MP: 3/6
   371 | D        | Reached ** piety under Okawaru
   531 | D        | Noticed a redback
   537 | D        | Killed a redback
   538 | D        | Reached skill level 10 in Armour
   538 | D        | Reached skill level 11 in Shields
   546 | D        | Reached skill level 5 in Dodging
   859 | D        | Noticed a death knight
   863 | D        | Reached skill level 10 in Fighting
   870 | D        | Slain by a death knight

Illustrated notes

Levels and vault maps discovered:
D:        pitsprint [storerooms_1, entrance_room_1, metal_vault_6, armoury_1,
          mini_pit_1, grid_room_1, main_hall_1, silver_pit, the_coven_1,
          the_vestibule_1, steel_vault_2, golden_pit, hallway_of_sentries,
          crystal_vault_6, iron_vault_4, final_vault]

Skill      XL: |  1  2  3  4  5  6  7 |
---------------+----------------------+-----
Fighting       | 4 6 7 8 9 10 | 10.0
Armour         | 4 6 8 9 10 | 10.7
Shields        | 4 7 8 9 10 11 | 11.2
Long Blades    | 4 5 6 7 9 |  9.6
Dodging        | 2 3 4 5 |  5.1
Invocations    | |  0.3

Action                   |  1- 3 |  4- 6 |  7- 9 || total
-------------------------+-------+-------+-------++-------
Melee: Long sword        |    36 |    30 |    27 ||    93
       Headbutt          |     7 |     5 |    11 ||    23
       Scimitar          |       |       |     9 ||     9
Invok: Heroism           |       |     1 |     1 ||     2
Armor: Scale mail        |    25 |       |       ||    25
       Chain mail        |     6 |     7 |     8 ||    21
       Plate armour      |       |       |     1 ||     1
Dodge: Dodged            |     7 |     4 |    13 ||    24
Block: Kite shield       |    24 |    14 |    16 ||    54
       Rpst.: Long sword |     1 |     2 |     4 ||     7
